 Dungeon Crawl Stone Soup version 0.21.1-1-g345015f (webtiles) character file.

67 letownia2 the Conjurer (level 4, 30/30 HPs)
             Began as a Demonspawn Wizard on Feb 10, 2018.
             Quit the game on level 3 of the Dungeon.
             The game lasted 00:03:21 (1824 turns).

letownia2 the Conjurer (Demonspawn Wizard)          Turns: 1824, Time: 00:03:22

Health: 30/30      AC:  8    Str:  8    XL:     4   Next: 0%
Magic:  8/8        EV: 14    Int: 26    God:
Gold:   99         SH:  0    Dex: 11    Spells: 0/9 levels left

rFire    . . .     SeeInvis .   g - +0 dagger
rCold    . . .     Gourm    .   (no shield)
rNeg     . . .     Faith    .   e - +0 leather armour
rPois    .         Spirit   .   b - +0 hat
rElec    .         Reflect  .   f - +2 cloak {MR+}
rCorr    .         Harm     .   (no gloves)
MR       +....                  (no boots)
Stlth    ++........             (no amulet)
HPRegen  0.10/turn              j - +6 ring of intelligence
MPRegen  0.11/turn              m - +3 ring of evasion

@: no status effects
A: icy blue scales 1, demonic guardian 1, nightstalker 1
a: no special abilities


You were on level 3 of the Dungeon.
You were not hungry.

You visited 1 branch of the dungeon, and saw 3 of its levels.

You collected 99 gold pieces.

Inventory:

Hand Weapons
 g - a +0 dagger (weapon)
 q - a +3 rapier
Armour
 b - a +0 hat (worn)
 e - a +0 leather armour (worn)
 f - a +2 cloak of magic resistance (worn)
Jewellery
 j - a +6 ring of intelligence (left hand)
 m - a +3 ring of evasion (right hand)
Scrolls
 k - 2 scrolls of teleportation {unknown}
 o - a scroll of fog {unknown}
 r - a scroll of enchant weapon {unknown}
Potions
 a - a potion of might {unknown}
 h - a potion of ambrosia {unknown}
 i - 3 potions of curing {unknown}
 l - a potion of flight {unknown}
 p - a potion of berserk rage {unknown}
Books
 c - a book of Minor Magic

   Spells                             Type                      Level
   a - Magic Dart                     Conjuration                  1
   b - Blink                          Translocation                2
   c - Call Imp                       Summoning                    2
   d - Slow                           Hexes                        2
   e - Conjure Flame                  Conjuration/Fire             3
   f - Mephitic Cloud                 Conjuration/Poison/Air       3
Comestibles
 d - 5 rations
 n - a chunk of flesh


   Skills:
 - Level 1.7 Dodging
 - Level 1.7 Stealth
 - Level 3.0 Spellcasting
 + Level 3.6 Conjurations
   Level 1.0 Summonings
 - Level 0.8 Translocations
 + Level 0.2 Fire Magic
 + Level 0.3 Air Magic
 + Level 0.3 Poison Magic


You couldn't memorise any spells.
You knew the following spells:

 Your Spells              Type           Power        Failure   Level  Hunger
a - Magic Dart            Conj           ###.         3%          1    None
b - Blink                 Tloc           N/A          14%         2    ##.....
c - Conjure Flame         Conj/Fire      ##......     19%         3    ###....
e - Mephitic Cloud        Conj/Pois/Air  ##......     22%         3    ###....


Dungeon Overview and Level Annotations

Branches:
Dungeon (3/15)

Altars:
Xom

Annotations:
D:2 Natasha


Innate Abilities, Weirdness & Mutations

You are partially covered in icy blue scales. (AC +2)
A weak demonic guardian rushes to your aid.
You are slightly more attuned to the shadows.


Message History

Your demonic ancestry asserts itself...
You feel the presence of a demonic guardian.
Unknown command.
Unknown command.
Put on which piece of jewellery? (? for menu, Esc to quit)
Okay, then.
Unknown command.
r - a scroll labeled QEEL GIYR GAON
There is a stone staircase leading down here.
Okay, then.
Put on which piece of jewellery? (? for menu, Esc to quit)
Okay, then.
Memorise Blink, consuming 2 spell levels and leaving 0?
Magic restored.
You start memorising the spell.
You continue memorising. x2
You finish memorising.
Spell assigned to 'b'.
Saving game... please wait.
Welcome back, letownia2 the Demonspawn Wizard.
Press ? for a list of commands and other information.
Are you sure you want to abandon this character and quit the game? (Confirm with "yes".)

#......................#.....
#)#.....##.....#.#...........
#.#######........#####..[....
####.# #...).#######...#.....
#....# #.#.#.# #..###.....
#.##)# ####...#.# #.## #.....
#.##.# #....###.# #.# #.....
##.##.###..#####.## #.#
#.....
......##..#.....@.#####.#
######
..........#.............#
.....###.##.......#######
.....##..##...[...#
........###...<...# .....####
#.......# .....# #.......#
.....# ######### ....†#


There were no monsters in sight!

Vanquished Creatures
  2 adders (D:2)
  3 oozes
  A dart slug (D:3)
  2 orcs
  4 bats
  2 giant cockroaches
  3 goblins
  5 hobgoblins
  A quokka (D:2)
  A ball python (D:3)
  A frilled lizard (D:3)
  5 kobolds
  A rat (D:1)
31 creatures vanquished.

Notes
Turn   | Place    | Note
-------+----------+-------------------------------------------
     0 | D:1      | letownia2 the Demonspawn Wizard began the quest for the Orb.
     0 | D:1      | Reached XP level 1. HP: 13/13 MP: 4/4
   566 | D:1      | Gained mutation: You are slightly more attuned to the shadows. [demonic ancestry]
   566 | D:1      | Reached XP level 2. HP: 18/19 MP: 3/6
  1071 | D:2      | Gained mutation: You are partially covered in icy blue scales. (AC +2) [demonic ancestry]
  1071 | D:2      | Reached XP level 3. HP: 24/24 MP: 1/7
  1076 | D:2      | Learned a level 3 spell: Mephitic Cloud
  1080 | D:2      | Learned a level 3 spell: Conjure Flame
  1193 | D:2      | Found a shimmering altar of Xom.
  1273 | D:2      | Noticed Natasha
  1796 | D:3      | Gained mutation: A weak demonic guardian rushes to your aid. [demonic ancestry]
  1796 | D:3      | Reached XP level 4. HP: 30/30 MP: 5/8
  1824 | D:3      | Learned a level 2 spell: Blink
  1824 | D:3      | Quit the game

Skill      XL: |  1  2 |
---------------+-------+-----
Conjurations   | 2 3 |  3.6
Dodging        | |  1.7
Stealth        | |  1.7
Spellcasting   | |  3.0
Summonings     | |  1.0
Translocations | |  0.8
Fire Magic     | |  0.2
Air Magic      | |  0.3
Poison Magic   | |  0.3

Action                   |  1- 3 |  4- 6 || total
-------------------------+-------+-------++-------
Melee: Unarmed           |    12 |       ||    12
       Dagger            |    29 |       ||    29
 Cast: Magic Dart        |    77 |     1 ||    78
  Eat: Chunk             |     3 |       ||     3
Armor: Robe              |     3 |       ||     3
       Leather armour    |    14 |       ||    14
Dodge: Dodged            |    36 |       ||    36
